 Dungeon Crawl Stone Soup version 0.31.0-11-ge490571c62 (webtiles) character file.

Game seed: 640408596359314970

34364 jasper the Warmonger (level 13, -36/113 HPs)
             Began as an Armataur Fighter on Feb 4, 2024.
             Was a High Priest of Okawaru.
             Annihilated by a komodo dragon (79 damage)
             ... on level 4 of the Lair of Beasts.
             The game lasted 00:27:35 (17539 turns).

jasper the Warmonger (Armataur Fighter)            Turns: 17539, Time: 00:27:35

Health: -36/113    AC: 11    Str: 22    XL:     13   Next: 41%
Magic:  20/22      EV:  1    Int:  8    God:    Okawaru [*****.]
Gold:   519        SH:  0    Dex: 21    Spells: 12/12 levels left

rFire   . .          .
                       - Unarmed
rCold   . . .        b - +3 buckler
rNeg    + . .        P - +0 acid dragon scales
rPois   .            c - +0 helmet
rElec   .            z - +0 cloak
rCorr   +            (no gloves)
SInv    .            (no barding)
Will    .....        m - amulet of reflection
Stlth   +++          R - +6 ring of dexterity
HPRegen 0.38/turn    N - ring of positive energy
MPRegen 0.18/turn

%: reflection, roll
@: sleeping, heroic
A: large, deformed body, tough skin 3, armoured tail, roll 2
a: Renounce Religion, Heroism, Finesse, Duel


You were on level 4 of the Lair of Beasts.
You worshipped Okawaru.
Okawaru was extremely pleased with you.
You visited 3 branches of the dungeon, and saw 16 of its levels.

You collected 1098 gold pieces.
You spent 579 gold pieces at shops.

Inventory:

Missiles
 a - 6 silver javelins
 g - 8 datura-tipped darts
 j - 164 stones (quivered)
 v - 21 poisoned darts
 A - a curare-tipped dart
 O - 2 throwing nets
 T - 2 boomerangs
Armour
 b - a +3 buckler (worn)
 c - a +0 helmet (worn)
 t - a +1 troll leather armour {Snorg}
 z - a +0 cloak (worn)
 P - +0 acid dragon scales (worn)
Jewellery
 m - an amulet of reflection (around neck)
 n - a ring of fire
 o - an amulet of guardian spirit
 p - a ring of flight
 N - a ring of positive energy (right hand)
 R - a +6 ring of dexterity (left hand)
 X - a ring of fire
Talismans
 I - a serpent talisman
Wands
 h - a wand of flame (7)
 q - a wand of quicksilver (4)
 u - a wand of iceblast (13)
 w - a wand of digging (3)
 B - a wand of paralysis (19)
 F - a wand of polymorph (9)
 K - a wand of mindburst (11)
Scrolls
 d - 2 scrolls of fog
 k - 2 scrolls of vulnerability
 l - a scroll of identify
 r - a scroll of revelation
 x - 4 scrolls of immolation
 C - 9 scrolls of teleportation
 J - 4 scrolls of poison
 M - 2 scrolls of torment
 W - 2 scrolls of fear
Potions
 e - 6 potions of curing
 f - a potion of lignification
 i - 3 potions of haste
 s - 3 potions of might
 D - a potion of attraction
 E - 2 potions of berserk rage
 G - a potion of enlightenment
 Q - a potion of mutation
 Y - a potion of invisibility
 Z - 3 potions of resistance
Miscellaneous
 V - a condenser vane


   Skills:
 + Level 10.0(15.0) Fighting
 - Level 3.0(8.0) Throwing
 - Level 3.6(8.6) Armour
 - Level 10.0(15.0) Dodging
 - Level 5.0(10.0) Shields
 + Level 10.0(15.0) Unarmed Combat
 - Level 12.0 Invocations


You had 12 spell levels left.
You didn't know any spells.
Your spell library contained the following spells:

 Spells                   Type           Power      Damage    Failure   Level
 Kiss of Death            Conj/Necr      0%         2d5       52%         1
 Shock                    Conj/Air       0%         1d3       52%         1
 Slow                     Hex            0%         N/A       52%         1
 Lesser Beckoning         Tloc           0%         N/A       67%         2
 Scorch                   Fire           0%         2d5       67%         2
 Sublimation of Blood     Necr           0%         N/A       67%         2
 Confusing Touch          Hex            0%         N/A       88%         3
 Gell's Gravitas          Tloc           0%         N/A       88%         3
 Sigil of Binding         Hex            0%         N/A       88%         3
 Swiftness                Air            0%         N/A       88%         3
 Teleport Other           Tloc           0%         N/A       88%         3
 Vampiric Draining        Necr           0%         2d6       88%         3
 Airstrike                Air            0%         2d(0-16)  99%         4
 Anguish                  Hex/Necr       0%         N/A       99%         4
 Cause Fear               Hex            0%         N/A       99%         4
 Dimensional Bullseye     Hex/Tloc       0%         N/A       99%         4
 Dispel Undead            Necr           0%         3d6       99%         4
 Flame Wave               Conj/Fire      0%         2d4       99%         4
 Iskenderun's Mystic Bla  Conj/Tloc      0%         2d3       99%         4
 Enfeeble                 Hex            0%         N/A       100%        7
 Call Imp                 Summ           Unusable   N/A       N/A         2
 Call Canine Familiar     Summ           Unusable   N/A       N/A         3
 Tukima's Dance           Hex            Unusable   N/A       N/A         3
 Summon Cactus Giant      Summ           Unusable   N/A       N/A         6
 Summon Hydra             Summ           Unusable   N/A       N/A         7

Dungeon Overview and Level Annotations

Branches:
Dungeon (11/15)            Temple (1/1) D:7            Lair (4/5) D:10
  Swamp (0/4) Lair:3        Snake (0/4) Lair:3          Orc (0/2) D:9
  Slime: Lair:4-5

Altars:
Ashenzari
Cheibriados
Dithmenos
Elyvilon
Fedhas
Gozag
Hepliaklqana
Kikubaaqudgha
Makhleb
Nemelex Xobeh
Okawaru
Qazlal
Ru
Sif Muna
Trog
Uskayaw
Vehumet
Wu Jian
Xom
Yredelemnul
Zin
The Shining One

Shops:
D:5 ??   D:10 *

Annotations:
Lair:1 Urug


Innate Abilities, Weirdness & Mutations

Armour fits poorly on your strangely shaped body.
You have extremely tough skin. (AC +3)
You have a long armoured tail.
You regenerate magic and health when rolling toward enemies. (Rampage Regen)


Message History

The dream sheep headbutts you.
You hit the dream sheep.
The dream sheep is severely wounded.
The dream sheep misses you.
You punch the dream sheep!
You kill the dream sheep!
Okawaru accepts your kill.
Training target 12.0 for Invocations reached!
Your Invocations skill increases to level 12!
You need to enable at least one skill for training.
You gain the combat prowess of a mighty hero.
The dream sheep ruffle their wool and motes of dream dust sparkle, to no effect.
You hit the dream sheep but do no damage.
Your tail-slap misses the dream sheep.
The dream sheep shake their wool and sparkle.
You feel drowsy...
You fall asleep.
The dream sheep headbutts you!
You wake up.
You hit the dream sheep.
The dream sheep is lightly wounded.
You block the dream sheep's attack.
You barely miss the dream sheep. You tail-slap the dream sheep.
The dream sheep is moderately wounded.
The dream sheep barely misses you.
You pummel the dream sheep!!
You kill the dream sheep!
Okawaru accepts your kill.
You closely miss the komodo dragon. The komodo dragon bites you!!
* * * LOW HITPOINT WARNING * * *
You barely miss the komodo dragon. You block the komodo dragon's attack.
You feel much better. You block the komodo dragon's attack.
You hit the komodo dragon.
The komodo dragon is lightly wounded.
You hit the komodo dragon.
The komodo dragon is lightly wounded.
You block the komodo dragon's attack.
The dream sheep shake their wool and sparkle.
You feel drowsy...
You fall asleep.
The komodo dragon bites you!!!!
Ouch! That really hurt!
You die...

#......#Y..Y....,,
##....##.[.##...,,
##.###.##.#*,,,,,
####.##,.#**,,,,
##.##*,<# **,,,
##Y#.P...#***,,,
##Y#..Y.....***,,
##l##....>...* ***
#@##*........** *
### *#.......,*
**.......**
*,##....#*
****####*


You could see a komodo dragon and 2 dream sheep.

Vanquished Creatures
  Snorg (Lair:3)
  2 hydras
  A two-headed ogre (D:9)
  3 boulder beetles
  Pikel (D:5)
  An ugly thing (D:11)
  3 elephants (Lair:1)
  7 black mambas
  9 cane toads
  4 molten gargoyles (D:10)
  Maggie (D:9)
  4 kobold demonologists
  7 komodo dragons
  2 unseen horrors (D:11)
  A troll (D:11)
  2 polar bears (Lair:4)
  3 blink frogs (Lair:2)
  9 dream sheep
  Sigmund (D:3)
  2 shadows
  4 wyverns
  Eustachio (D:5)
  46 yaks
  Grum (D:9)
  2 basilisks
  A steam dragon (D:9)
  2 acid dragons
  Duvessa (D:5)
  17 water moccasins
  3 ice beasts
  A sky beast (D:7)
  2 orc warriors
  3 ogres
  11 wolves
  A black bear (D:8)
  4 centaurs
  A lemure (D:5)
  3 phantoms
  4 kobold brigands
  9 bullfrogs
  A gnoll sergeant (D:11)
  3 scorpions
  Dowan (D:5)
  6 killer bees (D:10)
  6 howler monkeys
  A lava snake (D:10)
  4 bombardier beetles
  7 orc priests
  4 hounds
  A jelly (D:6)
  2 gnoll boudas
  A sleepcap (D:5)
  Jessica (D:3)
  5 iguanas
  12 orc wizards
  Natasha (twice) (D:3)
  Robin (D:3)
  14 gnolls
  12 adders
  2 shadow imps (D:5)
  A white imp (D:4)
  2 ufetubi (D:6)
  The ghost of dlwiii the Sneak, a weakling DgDe (D:5)
  6 dart slugs
  43 orcs
  11 ball pythons
  8 endoplasms
  7 giant cockroaches
  9 goblins
  8 hobgoblins
  3 jackals (D:3)
  4 quokkas
  7 bats
  4 frilled lizards
  27 kobolds
  A rat (D:2)
409 creatures vanquished.

Vanquished Creatures (others)
  Maurice (D:7)
  A bombardier beetle (D:5)
2 creatures vanquished.

Grand Total: 411 creatures vanquished

Notes
Turn   | Place    | Note
-------+----------+-------------------------------------------
     0 | D:1      | jasper the Armataur Fighter began the quest for the Orb.
     0 | D:1      | Reached XP level 1. HP: 18/18 MP: 1/1
    58 | D:1      | Found a faded altar of an unknown god.
    75 | D:1      | Reached XP level 2. HP: 25/25 MP: 2/2
   100 | D:1      | Prayed at the altar of an unknown god.
   100 | D:1      | Became a worshipper of Ashenzari the Shackled
   155 | D:1      | Fell from the grace of Ashenzari
   789 | D:2      | Reached XP level 3. HP: 27/31 MP: 3/3
  1266 | D:3      | Noticed Robin
  1277 | D:3      | Noticed Sigmund
  1307 | D:3      | Was forgiven by Ashenzari
  1353 | D:3      | Reached XP level 4. HP: 23/38 MP: 4/4
  1399 | D:3      | Reached XP level 5. HP: 36/46 MP: 5/5
  1415 | D:3      | HP: 1/46 [something (2)]
  1417 | D:3      | Killed Sigmund
  1418 | D:3      | Reached skill level 5 in Shields
  1418 | D:3      | Reached XP level 6. HP: 1/53 MP: 6/6
  1610 | D:3      | Killed Robin
  1889 | D:3      | Noticed Natasha
  1898 | D:3      | Killed Natasha
  1910 | D:3      | Found a shimmering blue altar of Sif Muna.
  1961 | D:3      | Noticed Jessica
  1974 | D:3      | Killed Jessica
  2147 | D:3      | Noticed Natasha
  2155 | D:3      | Killed Natasha
  2440 | D:4      | Reached skill level 5 in Fighting
  2543 | D:4      | Gained mutation: You regenerate magic and health when
                  | rolling toward enemies. (Rampage Regen) [Armataur growth]
  2543 | D:4      | Reached XP level 7. HP: 54/61 MP: 7/7
  3225 | D:4      | Reached skill level 5 in Unarmed Combat
  3582 | D:5      | Entered Level 5 of the Dungeon
  3824 | D:5      | Noticed Pikel
  3880 | D:5      | Killed Pikel
  3881 | D:5      | Reached XP level 8. HP: 32/71 MP: 8/8
  4020 | D:5      | Noticed Duvessa
  4844 | D:7      | Reached XP level 9. HP: 79/80 MP: 9/9
  4996 | D:7      | Noticed Maurice
  5006 | D:7      | Maurice stole a ring of wizardry
  5009 | D:7      | Maurice stole 31 gold
  5012 | D:7      | Maurice stole 318 gold
  5017 | D:7      | Killed Maurice
  5046 | D:7      | Found a staircase to the Ecumenical Temple.
  5065 | Temple   | Entered the Ecumenical Temple
  5072 | Temple   | Became a worshipper of Warmaster Okawaru
  5532 | D:8      | Reached * piety under Okawaru
  5552 | D:8      | Reached skill level 1 in Invocations
  5559 | D:8      | Reached skill level 1 in Throwing
  5695 | D:8      | Identified the +0 chain mail of Fyreym {rPois rCorr}
  5774 | D:8      | Identified the +4 trident "Wugit" {flame, Will- Int+7}
  5782 | D:8      | Found a sparkling altar of Nemelex Xobeh.
  5789 | D:8      | Found a hazy altar of Hepliaklqana.
  5994 | D:9      | Noticed a two-headed ogre
  6008 | D:9      | Killed a two-headed ogre
  6008 | D:9      | Reached ** piety under Okawaru
  6009 | D:9      | Reached skill level 3 in Invocations
  6010 | D:9      | Reached XP level 10. HP: 38/91 MP: 10/12
  6262 | D:9      | Noticed Maggie
  6276 | D:9      | Killed Maggie
  6280 | D:9      | Found a staircase to the Orcish Mines.
  6606 | D:9      | Noticed Grum
  6625 | D:9      | Killed Grum
  7026 | D:9      | Reached skill level 10 in Fighting
  7287 | D:10     | Entered Level 10 of the Dungeon
  7357 | D:10     | Found Lazxe's Demolitions Depot.
  7385 | D:10     | Noticed a molten gargoyle
  7390 | D:10     | Noticed a molten gargoyle
  7392 | D:10     | Reached skill level 10 in Unarmed Combat
  7641 | D:11     | Reached skill level 1 in Dodging
  7672 | D:11     | Reached *** piety under Okawaru
  7859 | D:11     | Noticed a red ugly thing
  7871 | D:11     | Killed a red ugly thing
  8045 | D:11     | Noticed a boulder beetle
  8195 | D:11     | Killed a boulder beetle
  8195 | D:11     | Reached **** piety under Okawaru
  8196 | D:11     | Reached XP level 11. HP: 56/99 MP: 13/13
  8319 | D:11     | Identified the +0 leather armour of Yhumpog {rC+ Int+3}
  8477 | D:11     | Noticed a boulder beetle
  8494 | D:11     | Killed a boulder beetle
  8495 | D:11     | Reached skill level 5 in Dodging
  9460 | D:5      | Found a runed translucent door.
  9801 | D:5      | Noticed Eustachio
  9807 | D:5      | Killed Eustachio
  9812 | D:5      | Found Loimm's Magic Scroll Boutique.
  9815 | D:5      | Found Reafre's Magic Scroll Shop.
  9817 | D:5      | Bought a scroll of fog for 56 gold pieces
  9817 | D:5      | Bought a scroll of enchant armour for 105 gold pieces
  9817 | D:5      | Bought a scroll of teleportation for 42 gold pieces
  9817 | D:5      | Bought a scroll of poison for 56 gold pieces
  9817 | D:5      | Bought a scroll of immolation for 56 gold pieces
  9817 | D:5      | Bought a scroll of revelation for 105 gold pieces
  9827 | D:5      | Bought a scroll of teleportation for 33 gold pieces
  9827 | D:5      | Bought a scroll of enchant armour for 82 gold pieces
  9827 | D:5      | Bought a scroll of fog for 44 gold pieces
  9892 | D:5      | Noticed Dowan
  9918 | D:5      | Killed Duvessa
  9934 | D:5      | Killed Dowan
 10089 | D:5      | Noticed dlwiii's ghost (weakling DgDe)
 10101 | D:5      | Killed dlwiii's ghost
 10496 | D:10     | Found a staircase to the Lair.
 10512 | D:10     | Noticed a soul eater
 10549 | D:10     | Reached ***** piety under Okawaru
 11602 | Lair:1   | Entered Level 1 of the Lair of Beasts
 11653 | Lair:1   | Reached XP level 12. HP: 79/106 MP: 14/14
 12475 | Lair:1   | Noticed Urug
 12793 | Lair:1   | Reached skill level 10 in Dodging
 12922 | Lair:1   | Reached skill level 4 in Invocations
 12967 | Lair:1   | Received a gift from Okawaru
 12968 | Lair:1   | Reached skill level 5 in Invocations
 12971 | Lair:1   | Noticed a seven-headed hydra
 12982 | Lair:1   | Killed a seven-headed hydra
 13166 | Lair:1   | Reached skill level 6 in Invocations
 13917 | Lair:2   | Reached skill level 7 in Invocations
 13937 | Lair:2   | You fall into a shaft and drop 2 floors!
 14009 | Lair:4   | Noticed a boulder beetle
 14034 | Lair:4   | Killed a boulder beetle
 14066 | Lair:3   | Found a staircase to the Swamp.
 14197 | Lair:2   | Reached skill level 8 in Invocations
 14408 | Lair:2   | Received a gift from Okawaru
 14409 | Lair:2   | Reached skill level 9 in Invocations
 15100 | Lair:3   | Noticed a boulder beetle
 15147 | Lair:3   | Reached XP level 13. HP: 50/113 MP: 13/20
 15401 | Lair:3   | Noticed Snorg
 15449 | Lair:3   | Killed Snorg
 15450 | Lair:3   | Reached skill level 10 in Invocations
 15778 | Lair:3   | Identified the +3 leather armour of Zunwa {Fly Int-5 Dex+4}
 15948 | Lair:3   | Found a staircase to the Snake Pit.
 16273 | Lair:3   | Reached skill level 11 in Invocations
 17529 | Lair:4   | Reached skill level 12 in Invocations
 17539 | Lair:4   | Annihilated by a komodo dragon

Illustrated notes

Levels and vault maps discovered:
D:1:      lightli_arrival_maybe_door_vault, layout_basic,
          dreamdust_ecumenical_altar_grove
D:2:      layout_rooms
D:3:      layout_rooms, lemuel_blue_sif_altar, uniq_jessica, uniq_sigmund,
          uniq_natasha, uniq_robin
D:4:      cheibrodos_thug_alley, layout_basic, abandoned_shop, st_stairs_11,
          hangedman_decor_lopped, minmay_starry_boxes
D:5:      minmay_bubble_buster, layout_basic, serial_shops, shop, shop,
          ebering_ghost_sewer_d, uniq_pikel, uniq_eustachio, uniq_duvessa
D:6:      layout_rooms
D:7:      layout_rooms, minmay_temple_entry_arrows, kennysheep_generic_room_5,
          uniq_maurice
D:8:      layout_rooms, grunt_temple_overflow_open, st_stairs_9
D:9:      layout_loops_corners, minmay_orc_entry_temple_small,
          statue_in_the_mist_lemuel, uniq_grum, uniq_maggie
D:10:     layout_cross, lair_entry_dummy, nicolae_blasting_shop,
          hangedman_decor_opposing, minivault_27, minivault_8
D:11:     layout_basic
Temple:   hellmonk_temple_of_storms
Lair:1:   layout_hall_layers, lemuel_fruit_fields, grunt_megastairs_5, uniq_urug
Lair:2:   layout_gridlike, serial_bayou_shore_b
Lair:3:   layout_layer_cave, swamp_mist, minmay_snake_entry_six_corridors,
          beast_lair_carwin_6, uniq_snorg
Lair:4:   layout_cave_pods

Skill      XL: |  1  2  3  4  5  6  7  8  9 10 11 12 13 |
---------------+----------------------------------------+-----
Unarmed Combat | 2 3 4 6 7 8 10 | 10.0
Fighting       | 3 4 5 6 7 9 10 | 10.0
Shields        | 4 5 |  5.0
Invocations    | 3 9 12 | 12.0
Throwing       | 3 |  3.0
Dodging        | 4 9 10 | 10.0
Armour         | |  3.6

Action                     |  1- 3 |  4- 6 |  7- 9 | 10-12 | 13-15 || total
---------------------------+-------+-------+-------+-------+-------++-------
  Melee: Unarmed           |   130 |   152 |   376 |   951 |   264 ||  1873
         Tailslap          |    18 |    14 |    58 |   192 |    51 ||   333
  Throw: Boomerang         |     9 |     6 |    17 |     6 |       ||    38
         Dart              |       |       |     4 |     1 |       ||     5
 Invoke: Renounce Religion |     1 |       |       |       |       ||     1
         Heroism           |       |       |     1 |    15 |     3 ||    19
         Finesse           |       |       |       |     1 |     1 ||     2
  Evoke: Wand              |       |       |       |       |     1 ||     1
    Use: Scroll            |     3 |     4 |     6 |    17 |     1 ||    31
         Potion            |     1 |     1 |     2 |     1 |     2 ||     7
   Stab: Sleeping          |       |       |       |     1 |       ||     1
 Armour: Scale mail        |   125 |    78 |   209 |    44 |       ||   456
         Skin              |       |       |     2 |       |       ||     2
         Acid dragon scale |       |       |       |   318 |   121 ||   439
  Dodge: Dodged            |    58 |    44 |    66 |   266 |   105 ||   539
  Block: Buckler           |    26 |    19 |   135 |   468 |   192 ||   840
         Reflection        |       |       |     7 |     6 |       ||    13
